 Dungeon Crawl Stone Soup version 0.17-a0-1263-gc2a165f (webtiles) character file.

111 Sommunist the Charmwright (level 4, -3/30 HPs)
             Began as a High Elf Skald on June 7, 2015.
             Shot with an arrow by a centaur (9 damage)
             ... on level 3 of the Dungeon.
             The game lasted 00:13:19 (2702 turns).

Sommunist the Charmwright (High Elf Skald)          Turns: 2702, Time: 00:13:19

Health: -3/30      AC:  6    Str: 16    XL:     4   Next: 62%
Magic:  8/8        EV: 12    Int: 15    God:
Gold:   169        SH:  0    Dex: 16    Spells: 3 memorised, 1 level left

rFire  . . .     SeeInvis .     a - +0 short sword
rCold  . . .     Clarity  .     b - +0 leather armour
rNeg   + . .     SustAt   .     (no shield)
rPois  .         Gourm    .     r - +2 helmet
rElec  .         Spirit   .     (no cloak)
rCorr  .         Warding  .     (no gloves)
rMut   .         Stasis   .     (no boots)
MR     .....                    (no amulet)
Stlth  +.........               o - ring of positive energy
                                f - +5 ring of strength

@: not resistant to hostile enchantments, very unstealthy
A: no striking features
a: no special abilities


You were on level 3 of the Dungeon.
You were not hungry.

You visited 1 branch of the dungeon, and saw 3 of its levels.

You collected 169 gold pieces.

Inventory:

Hand weapons
 a - a +0 short sword (weapon)
Missiles
 e - 58 stones (quivered)
Armour
 b - a +0 leather armour (worn)
 r - a +2 helmet (worn)
Jewellery
 f - a +5 ring of strength (left hand)
 o - a ring of positive energy (right hand)
Scrolls
 l - a scroll of teleportation
 m - 2 scrolls of remove curse
 n - a scroll of identify
Potions
 g - a potion of mutation {unknown}
 i - a potion of heal wounds {unknown}
 j - a potion of magic {unknown}
 q - a potion of berserk rage {unknown}
Books
 c - a book of Battle

   Spells                             Type                      Level
   a - Infusion                       Charms                       1
   b - Shroud of Golubria             Charms/Translocation         2
   c - Song of Slaying                Charms                       2
   d - Spectral Weapon                Hexes/Charms                 3
   e - Regeneration                   Charms/Necromancy            3
Comestibles
 d - 3 bread rations
 h - 2 beef jerkies
 k - 2 meat rations
 p - 16 chunks of flesh


   Skills:
 + Level 2.5 Fighting
 * Level 4.2 Short Blades
 - Level 0.8 Armour
 + Level 1.8 Dodging
 - Level 2.4 Spellcasting
 * Level 4.8 Charms


You had one spell level left.
You knew the following spells:

 Your Spells              Type           Power        Failure   Level  Hunger
a - Infusion              Chrm           ###...       4%          1    #......
b - Shroud of Golubria    Chrm/Tloc      #.........   14%         2    ###....
c - Regeneration          Chrm/Necr      #.........   30%         3    ###....


Dungeon Overview and Level Annotations

Branches:
Dungeon (3/15)

Altars:


Message History

a club x2 a goblin corpse x2
Butcher a goblin corpse? [(y)es/(c)hop/(n)o/(a)ll/(q)uit/?]
Butcher a goblin corpse? [(y)es/(c)hop/(n)o/(a)ll/(q)uit/?]
You butcher the goblin corpse.
Magic restored.
Your magical contamination has completely faded away.
You butcher the goblin corpse.
p - 14 chunks of flesh (gained 2);
p - 16 chunks of flesh (gained 2)
Things that are here:
a club x2
A centaur comes into view.
The centaur shouts!
The centaur wields a shortbow.
The centaur shoots an arrow.
The arrow hits you!
Found 9 gold pieces.
You see here an arrow.
The centaur shoots an arrow.
The arrow hits you.
* * * LOW HITPOINT WARNING * * *
You see here an arrow.
The centaur shoots an arrow.
The arrow hits you!
You die...

# . #. #.###... .##
###.### ##.....#.#...
#...... ....... ...
#....$. ..#.......
#......######.#.#.#.# .
+......(@..##.#.#...#.#.#
#......###..#.#.#.#.#....
#c..... ##.#.........# #
####### #.....#.#.#.###
#.......#.#....
#..............
##..#.##.#.#....
#..........#.##.
########..#.###.#.#....


You could see a centaur.

Vanquished Creatures
  Robin (D:3)
  5 adders
  A worm (D:2)
  10 bats
  A giant cockroach (D:1)
  12 goblins
  7 hobgoblins
  4 jackals
  A quokka (D:2)
  5 giant newts
  4 kobolds
51 creatures vanquished.

Notes
Turn   | Place    | Note
--------------------------------------------------------------
     0 | D:1      | Sommunist the High Elf Skald began the quest for the Orb.
     0 | D:1      | Reached XP level 1. HP: 14/14 MP: 4/4
   377 | D:1      | Reached XP level 2. HP: 13/19 MP: 0/6
   381 | D:1      | Learned a level 2 spell: Shroud of Golubria
  1203 | D:2      | Reached skill level 4 in Charms
  1203 | D:2      | Reached XP level 3. HP: 12/24 MP: 1/7
  1547 | D:2      | Learned a level 3 spell: Regeneration
  1855 | D:3      | Reached XP level 4. HP: 9/30 MP: 0/8
  2498 | D:3      | Noticed Robin
  2530 | D:3      | Killed Robin
  2577 | D:3      | HP: 1/30 [adder (3)]
  2700 | D:3      | Noticed a centaur
  2702 | D:3      | Shot with an arrow by a centaur

Vault maps used:
D:1:      scummos_arrival_simple_crosswalls
D:3:      first_bread, item_on_display_a, uniq_robin

Action                   |  1- 3 |  4- 6 || total
-------------------------+-------+-------++-------
Melee: Short sword       |   101 |    99 ||   200
       Dagger            |    38 |       ||    38
Throw: Stone             |     8 |    12 ||    20
 Cast: Infusion          |    11 |     2 ||    13
       Shroud of Golubri |     6 |     3 ||     9
       Regeneration      |     1 |       ||     1
  Use: Scroll            |     5 |     1 ||     6
       Potion            |       |     2 ||     2
 Stab: Sleeping          |     1 |     1 ||     2
  Eat: Chunk             |     4 |     3 ||     7
